 Dungeon Crawl Stone Soup version 0.32-a0-314-g526f7d4993 (webtiles) character file.

Game seed: 12630586198198013575

104 RepHenryClay the Chopper (level 4, 0/36 HPs)
             Began as a Ghoul Gladiator on Feb 16, 2024.
             Slain by an orc
             ... wielding a +0 short sword
              (1 damage)
             ... on level 3 of the Dungeon.
             The game lasted 00:03:01 (1765 turns).

RepHenryClay the Chopper (Ghoul Gladiator)          Turns: 1765, Time: 00:03:01

Health: 0/36       AC:  4    Str: 19    XL:     4   Next: 80%
Magic:  4/4        EV: 12    Int:  7    God:
Gold:   43         SH:  0    Dex: 10    Spells: 3/3 levels left

rFire   . . .        a - +0 war axe
rCold   + . .        (no shield)
rNeg    + + +        b - +0 leather armour
rPois   ∞            c - +0 helmet
rElec   .            (no cloak)
rCorr   .            (no gloves)
SInv    .            (no boots)
Will    .....        (no amulet) Stlth
                     (no ring)
HPRegen 0.00/turn    (no ring)
MPRegen 0.09/turn

%: no passive effects
@: confused, inhibited regen, invisible
A: claws 1, cold resistance 1, negative energy resistance 3, inhibited
regeneration, torment resistance 2, devour on kill
a: no special abilities


You were on level 3 of the Dungeon.
You visited 1 branch of the dungeon, and saw 3 of its levels.

You collected 43 gold pieces.

Inventory:

Hand Weapons
 a - a +0 war axe (weapon)
Missiles
 d - 4 throwing nets (quivered)
 e - a javelin
 g - 6 poisoned darts
Armour
 b - a +0 leather armour (worn)
 c - a +0 helmet (worn)
Wands
 o - a wand of iceblast (4)
Scrolls
 f - a scroll of fog {unknown}
 h - a scroll of blinking {unknown}
 i - a scroll of torment {unknown}
 j - a scroll of teleportation {unknown}
 k - a scroll of identify {unknown}
 n - a scroll of vulnerability {unknown}


   Skills:
 - Level 2.1 Fighting
 + Level 3.9 Axes
 - Level 1.7 Throwing
 + Level 2.6 Armour
 - Level 2.6 Dodging


You had 3 spell levels left.
You didn't know any spells.
Your spell library was empty.

Dungeon Overview and Level Annotations

Branches:
Dungeon (3/15)

Altars:


Innate Abilities, Weirdness & Mutations

You are immune to poison.
You have sharp fingernails.
Your flesh is cold resistant. (rC+)
You are immune to negative energy. (rN+++)
You do not regenerate when monsters are visible.
You are immune to unholy pain and torment.
You thrive by killing the living.


Message History

The orc is caught in a web!
You're too confused to move!
The orc tears the web.
The orc wizard gestures at you while chanting.
You are more confused.
The orc closely misses you.
You bump into the rock wall.
The orc wizard points at you and mumbles some strange words.
You are more confused.
The orc barely misses you.
You miss the orc. You miss the orc wizard. The orc wizard closely misses you.
The orc hits you but does no damage. The orc wizard barely misses you.
You barely miss the orc. You miss the orc wizard. The orc misses you.
The orc wizard completely misses you. The orc misses you.
You hit the orc.
The orc is heavily wounded.
You miss the orc wizard.
The orc wizard hits you but does no damage.
The orc barely misses you.
You're too confused to move!
The orc wizard hits you with a +0 dagger.
* * * LOW HITPOINT WARNING * * *
The orc hits you with a +0 short sword.
* * * LOW HITPOINT WARNING * * *
Huge Dmg: -11%(-4hp) hp: 3%(1hp) Welcome back, RepHenryClay the Ghoul Gladiator.
Press ? for a list of commands and other information.
You hit the orc.
The orc is severely wounded.
You closely miss the orc wizard. The orc wizard closely misses you.
The orc hits you but does no damage.
You barely miss the orc.
The orc is severely wounded.
You completely miss the orc wizard.
The orc wizard hits you but does no damage.
The orc barely misses you.
The orc wizard gestures wildly while chanting.
The orc wizard flickers and vanishes!
Deactivating autopickup; reactivate with Ctrl-A.
The orc hits you with a +0 short sword.
You die...

#.###.# .. #.....#
..##+# # ####..#
......## #.#####..#
##.....## #........#
........######.##)##
.........####...#w#
.....[...'......{o#
.........####...#@#
#.......## ##.##.#
##...<.## ####.#
##...## #...# ##'##
#.### #.# #.#
####.## #.#
......#########.#
.####......)...<#


You could see a ribbon worm (unable to see you) and an orc (unable to see you).

Vanquished Creatures
  3 adders (D:2)
  A dart slug (D:2)
  A ribbon worm (D:2)
  3 orcs (D:3)
  An endoplasm (D:1)
  2 giant cockroaches
  2 goblins (D:1)
  4 hobgoblins
  6 jackals
  3 quokkas
  3 ball pythons
  4 bats
  3 frilled lizards
  4 kobolds
40 creatures vanquished.

Notes
Turn   | Place    | Note
-------+----------+-------------------------------------------
     0 | D:1      | RepHenryClay the Ghoul Gladiator began the quest for the
                  | Orb.
     0 | D:1      | Reached XP level 1. HP: 17/17 MP: 1/1
   152 | D:1      | Reached skill level 3 in Axes
   152 | D:1      | Reached skill level 1 in Armour
   152 | D:1      | Reached XP level 2. HP: 22/24 MP: 2/2
   524 | D:1      | Reached XP level 3. HP: 29/29 MP: 3/3
  1143 | D:2      | Reached XP level 4. HP: 36/36 MP: 4/4
  1763 | D:3      | HP: 1/36 [orc/+0 short sword (2)]
  1765 | D:3      | Slain by an orc

Illustrated notes

Levels and vault maps discovered:
D:1:      dpeg_arrival_stone_temple_mockup, layout_loops_cross,
          chequers_serial_rivers_large_a
D:2:      layout_loops_ring
D:3:      cheibrodos_old_hovel, layout_loops_corners,
          mainiacjoe_overflow_small_starburst, lemuel_tele_altar, serial_shops,
          nicolae_shop_window_shopping, nicolae_shop_statue_plus, shop,
          nicolae_shop_drivethru, nicolae_lakefront_shop, uniq_grinder

Skill      XL: |  1  2  3 |
---------------+----------+-----
Axes           | 3 |  3.9
Armour         | 1 2 |  2.6
Fighting       | |  2.1
Throwing       | |  1.7
Dodging        | |  2.6

Action                     |  1- 3 |  4- 6 || total
---------------------------+-------+-------++-------
  Melee: War axe           |    78 |    65 ||   143
    Use: Potion            |     1 |     2 ||     3
   Stab: Sleeping          |     1 |       ||     1
 Armour: Leather armour    |    50 |    53 ||   103
  Dodge: Dodged            |    65 |    52 ||   117

Table legend: (Time is in decaauts)
 A = Elapsed time spent in this place.
 B = Non-inter-level travel time spent in this place.
 C = Inter-level travel time spent in this place.
 D = Time resting spent in this place.
 E = Time spent auto-exploring this place.
 F = Levels seen in this place.
 G = Mean time per level.
                   A        B        C        D        E       F      G
               +--------+--------+--------+--------+--------+-----+--------+
         Total |   1827 |   1743 |     84 |      0 |   1403 |   3 |  609.0 |
       Dungeon |   1827 |   1743 |     84 |      0 |   1403 |   3 |  609.0 |
               +--------+--------+--------+--------+--------+-----+--------+

Top non-repeatable levels by time:
     D:2: 878 daAuts
     D:1: 834 daAuts
     D:3: 115 daAuts
